 Dungeon Crawl Stone Soup version 0.27.0-1-g7a089689b8 (webtiles) character file.

Game seed: 8644377990360928232

203 PentaManta the Ruffian (level 5, -9/45 HPs)
             Began as a Ghoul Monk on Aug 14, 2021.
             Was a Believer of Okawaru.
             Killed from afar by a steam dragon (13 damage)
             ... with a ball of steam
             ... on level 6 of the Dungeon.
             The game lasted 00:04:47 (3060 turns).

PentaManta the Ruffian (Ghoul Monk)                 Turns: 3060, Time: 00:04:48

Health: -9/45      AC:  6    Str: 16    XL:     5   Next: 81%
Magic:  4/4        EV: 11    Int: 11    God:    Okawaru [**....]
Gold:   107        SH:  0    Dex: 11    Spells: 4/4 levels left

rFire    . . .     SeeInvis .     - Unarmed
rCold    + . .     Faith    .   (no shield)
rNeg     + + +     Spirit   .   k - +0 ring mail
rPois    ∞         Reflect  .   m - +0 helmet
rElec    .         Harm     .   (no cloak)
rCorr    .         Rampage  .   (no gloves)
Will     .....                  (no boots)
Stlth    +.........             (no amulet)
HPRegen  0.00/turn              g - +6 ring of intelligence
MPRegen  0.09/turn              (no ring)

@: inhibited regen
A: claws 1, cold resistance 1, negative energy resistance 3, inhibited
regeneration, torment resistance 2
a: Renounce Religion, Heroism


You were on level 6 of the Dungeon.
You worshipped Okawaru.
Okawaru was pleased with you.
You visited 1 branch of the dungeon, and saw 5 of its levels.

You collected 107 gold pieces.

Inventory:

Missiles
 d - 94 stones (quivered)
Armour
 k - a +0 ring mail (worn)
 l - +0 ice dragon scales
 m - a +0 helmet (worn)
Jewellery
 g - a +6 ring of intelligence (left claw)
Scrolls
 c - 3 scrolls of fear {unknown}
 e - 3 scrolls of identify {unknown}
 f - a scroll of immolation {unknown}
 h - a scroll of amnesia {unknown}
 i - a scroll of vulnerability {unknown}
 j - 2 scrolls of enchant weapon {unknown}
Potions
 a - 2 potions of cancellation {unknown}
 b - 2 potions of ambrosia {unknown}


   Skills:
 - Level 3.2 Fighting
 - Level 2.6 Dodging
 - Level 2.1 Stealth
 + Level 6.9 Unarmed Combat


You had 4 spell levels left.
You didn't know any spells.
Your spell library contained the following spells:

 Spells                   Type           Power      Damage    Failure   Level
 Magic Dart               Conj           0%         1d3       56%         1
 Call Imp                 Summ           0%         N/A       71%         2
 Corpse Rot               Necr/Air       N/A        N/A       71%         2
 Poisonous Vapours        Pois/Air       0%         N/A       71%         2
 Ignite Poison            Fire/Tmut/Pois 0%         N/A       90%         3
 Mephitic Cloud           Conj/Pois/Air  0%         N/A       90%         3
 Stone Arrow              Conj/Erth      0%         3d7       90%         3
 Animate Armour           Summ/Erth      0%         N/A       100%        4
 Bolt of Magma            Conj/Fire/Erth 0%         4d4       100%        5
 Freezing Cloud           Conj/Ice/Air   0%         6-21      100%        5
 Lehudib's Crystal Spear  Conj/Erth      0%         10d2      100%        8


Dungeon Overview and Level Annotations

Branches:
Dungeon (6/15)
 Temple: D:4-7

Altars:
Hepliaklqana
Nemelex Xobeh
Okawaru


Innate Abilities, Weirdness & Mutations

You thrive by killing the living.
You are immune to poison.
You have sharp fingernails.
Your flesh is cold resistant. (rC+)
You are immune to negative energy. (rN+++)
You do not regenerate when monsters are visible.
You are immune to unholy pain and torment.


Message History

You scratch the scorpion.
The scorpion is severely wounded.
The scorpion stings you.
You claw the scorpion!
You kill the scorpion!
Okawaru accepts your kill.
You feel better.
A dart slug comes into view.
Found a leather armour.
A steam dragon comes into view.
The steam dragon hisses angrily.
The dart slug bites you but does no damage.
Found a stone staircase leading down.
You claw the dart slug!
You kill the dart slug!
Okawaru accepts your kill. The steam dragon breathes steam at you.
The ball of steam hits you!
No target in view!
You are engulfed in a cloud of scalding steam.
A hound skeleton comes into view.
You see here a scroll labelled ELOXZI DIC HASOSI.
You are engulfed in a cloud of scalding steam.
* * * LOW HITPOINT WARNING * * *
A bullfrog skeleton comes into view.
The steam dragon completely misses you.
The steam dragon claws you but does no damage.
The steam dragon barely misses you. x2
Found 5 gold pieces.
There is a stone staircase leading down here.
The steam dragon bites you.
* * * LOW HITPOINT WARNING * * *
The steam dragon claws you.
* * * LOW HITPOINT WARNING * * *
You climb downwards.
There is a stone staircase leading up here.
You barely miss the steam dragon. The steam dragon breathes steam at you.
The ball of steam hits you!
You die... ######### ......D@# #########

You could see a steam dragon (catching breath).

Vanquished Creatures
  A scorpion (D:5)
  Robin (D:3)
  4 adders (D:2)
  A worm (D:2)
  4 dart slugs
  7 endoplasms
  5 giant cockroaches
  17 goblins
  6 hobgoblins
  2 jackals (D:2)
  7 quokkas
  6 ball pythons
  5 bats
  3 frilled lizards
  3 kobolds
  8 rats
80 creatures vanquished.

Notes
Turn   | Place    | Note
-------+----------+-------------------------------------------
     0 | D:1      | PentaManta the Ghoul Monk began the quest for the Orb.
     0 | D:1      | Reached XP level 1. HP: 19/19 MP: 0/0
   111 | D:1      | Reached XP level 2. HP: 26/26 MP: 1/1
   119 | D:1      | Reached skill level 4 in Unarmed Combat
   511 | D:1      | Reached XP level 3. HP: 21/31 MP: 2/2
  1227 | D:2      | Reached skill level 5 in Unarmed Combat
  1500 | D:2      | Reached XP level 4. HP: 28/38 MP: 3/3
  1810 | D:2      | Found a faded altar of an unknown god.
  2266 | D:3      | Noticed Robin
  2293 | D:3      | Reached skill level 6 in Unarmed Combat
  2325 | D:2      | Reached XP level 5. HP: 10/45 MP: 4/4
  2526 | D:3      | Killed Robin
  2920 | D:3      | Found a sparkling altar of Nemelex Xobeh.
  2926 | D:3      | Found a hazy altar of Hepliaklqana.
  2931 | D:3      | Found an iron altar of Okawaru.
  2939 | D:3      | Became a worshipper of Warmaster Okawaru
  2939 | D:3      | Reached * piety under Okawaru
  2939 | D:3      | Reached ** piety under Okawaru
  2997 | D:3      | You fall into a shaft and drop 2 floors!
  2997 | D:5      | Entered Level 5 of the Dungeon
  3050 | D:5      | Noticed a steam dragon
  3060 | D:6      | Killed from afar by a steam dragon

Illustrated notes

Levels and vault maps discovered:
D:1:      psy_arrival_fountain, layout_basic, minmay_misc_feat_room,
          st_stairs_14, minmay_close_crescents
D:2:      layout_basic, chequers_ecumenical_altar_lobes,
          minmay_fractal_squares_gapless_5
D:3:      layout_rooms, minmay_overflow_temple_star_quad, uniq_robin
D:5:      layout_loops_ring, kennysheep_little_box
D:6:      layout_basic

Skill      XL: |  1  2  3  4 |
---------------+-------------+-----
Unarmed Combat | 4 5 6 |  6.9
Fighting       | |  3.2
Dodging        | |  2.6
Stealth        | |  2.1

Action                   |  1- 3 |  4- 6 || total
-------------------------+-------+-------++-------
Melee: Unarmed           |   121 |   122 ||   243
       Punch             |     4 |     4 ||     8
Throw: Stone             |     5 |       ||     5
 Stab: Sleeping          |     3 |       ||     3
Armor: Robe              |    16 |       ||    16
       Ring mail         |    13 |    39 ||    52
Dodge: Dodged            |    98 |    73 ||   171
